 Dungeon Crawl Stone Soup version 0.17.1-3-g152610e (webtiles) character file.

140 Gargoyl the Skirmisher (level 5, 0/42 HPs)
             Began as a Demonspawn Abyssal Knight on Mar 11, 2016.
             Was a Believer of Lugonu.
             Succumbed to an adder's poison
             ... on level 3 of the Dungeon.
             The game lasted 00:05:02 (2386 turns).

Gargoyl the Skirmisher (Demonspawn Abyssal Knight)  Turns: 2386, Time: 00:05:02

Health: 0/42       AC:  9    Str: 13    XL:     5   Next: 2%
Magic:  7/7        EV: 11    Int: 14    God:    Lugonu [**....]
Gold:   106        SH:  0    Dex: 10    Spells: 0 memorised, 4 levels left

rFire  + . .     SeeInvis .     a - +1 hand axe
rCold  . . .     Clarity  .     f - +0 ring mail
rNeg   . . .     SustAt   .     (no shield)
rPois  .         Gourm    .     h - +0 helmet
rElec  .         Spirit   .     (no cloak)
rCorr  .         Warding  .     (no gloves)
rMut   .         Stasis   .     e - +0 pair of boots
MR     .....                    (no amulet)
Stlth  +.........               (no ring)
                                (no ring)

@: lethally poisoned (0 -> -13), very slightly contaminated, hasted, very quick,
not resistant to hostile enchantments, very unstealthy
A: thin metallic scales 1, blurry vision 1, clumsy 1, fire resistance 1
a: Depart the Abyss, Bend Space, Renounce Religion


You were on level 3 of the Dungeon.
You worshipped Lugonu.
Lugonu was pleased with you.
You were not hungry.

You visited 1 branch of the dungeon, and saw 3 of its levels.
You visited the Abyss 1 time.

You collected 106 gold pieces.

Inventory:

Hand Weapons
 a - a +1 hand axe (weapon)
Armour
 e - a +0 pair of boots (worn)
 f - a +0 ring mail (worn)
 h - a +0 helmet (worn)
Scrolls
 d - a scroll of vulnerability {unknown}
 i - a scroll of magic mapping {unknown}
 j - 2 scrolls of remove curse {unknown}
 l - a scroll of noise {unknown}
 p - a scroll of random uselessness {unknown}
 q - a scroll of fog {unknown}
 r - a scroll of identify {unknown}
Potions
 g - a potion of might
Comestibles
 b - a slice of pizza
 c - a bread ration
 k - a beef jerky
 m - 3 fruits
 o - 2 meat rations


   Skills:
 + Level 4.1 Fighting
 + Level 2.2 Axes
 + Level 2.6 Armour
 + Level 2.1 Dodging
 + Level 0.4 Stealth
 + Level 3.0 Invocations


You had 4 spell levels left.
You didn't know any spells.

Dungeon Overview and Level Annotations

Branches:
Dungeon (3/15)

Altars:
Okawaru


Innate Abilities, Weirdness & Mutations

You are partially covered in thin metallic scales (AC +2).
Your flesh is heat resistant.
Scrolls take you a little longer to read.
You are clumsy. (Dex -2)


Message History

* * * LOW HITPOINT WARNING * * *
You feel sick. The adder bites you but does no damage.
You are very lightly contaminated with residual magic.
Unknown command.
You slash the adder!
You kill the adder!
Lugonu accepts your kill.
You have reached level 5!
* * * LOW HITPOINT WARNING * * *
You feel sick.
* * * LOW HITPOINT WARNING * * *
You feel sick.
* * * LOW HITPOINT WARNING * * *
You feel sick.
* * * LOW HITPOINT WARNING * * *
You feel sick.
* * * LOW HITPOINT WARNING * * *
You feel sick.
You see here 10 gold pieces.
You die...

...... ....#...####
.......##.# #.##...##.#
#..#...##.######
#.##...........#...
...............#
#........(##.###..#
..###..<.†....$@.......
#........)....##.......
#.###....####.# ...#...
###### #.# ...# # ###
##.# .# #


There were no monsters in sight!

Vanquished Creatures
  A jelly (D:1)
  4 adders
  4 oozes (D:1)
  3 worms
  2 giant geckos (D:2)
  7 giant cockroaches
  5 goblins
  2 hobgoblins (D:2)
  3 jackals (D:1)
  A quokka (D:2)
  A ball python (D:1)
  8 bats
  A giant newt (D:2)
  7 kobolds
  5 rats
54 creatures vanquished.

Notes
Turn   | Place    | Note
--------------------------------------------------------------
     0 | Abyss:1  | Gargoyl the Demonspawn Abyssal Knight began the quest for the Orb.
     0 | Abyss:1  | Reached XP level 1. HP: 18/18 MP: 2/2
    43 | Abyss:1  | Noticed a hungry ghost
   104 | Abyss:2  | Noticed an iron imp
   133 | Abyss:2  | Noticed a neqoxec
   134 | Abyss:2  | Gained mutation: You are clumsy. (Dex -2) [a neqoxec]
   135 | Abyss:2  | Gained mutation: Scrolls take you a little longer to read. [a neqoxec]
   173 | Abyss:2  | Noticed a small abomination
   173 | Abyss:2  | Noticed a starcursed mass
   174 | D:1      | Escaped the Abyss
   174 | D:1      | Noticed a jelly
   176 | D:1      | Found a runed door.
   219 | D:1      | Reached * piety under Lugonu
   459 | D:1      | Gained mutation: You are partially covered in thin metallic scales (AC +2). [demonic ancestry]
   459 | D:1      | Reached XP level 2. HP: 21/24 MP: 3/3
  1114 | D:1      | Killed a jelly
  1114 | D:1      | Reached skill level 1 in Dodging
  1114 | D:1      | Reached XP level 3. HP: 24/30 MP: 5/5
  1144 | D:1      | Gained mutation: Your flesh is heat resistant. [demonic ancestry]
  1144 | D:1      | Reached XP level 4. HP: 32/37 MP: 6/6
  1470 | D:2      | Found an iron altar of Okawaru.
  1493 | D:2      | Reached ** piety under Lugonu
  1844 | D:2      | Reached skill level 4 in Fighting
  2381 | D:3      | Reached XP level 5. HP: 5/42 MP: 7/7
  2383 | D:3      | HP: 2/42 [poisoned by an adder]
  2386 | D:3      | Succumbed to an adder's poison

Action                   |  1- 3 |  4- 6 || total
-------------------------+-------+-------++-------
Melee: Hand axe          |    90 |   123 ||   213
Invok: Depart the Abyss  |     1 |       ||     1
  Use: Potion            |     2 |     1 ||     3
  Eat: Bread ration      |     1 |       ||     1
       Chunk             |       |     1 ||     1
